 Dungeon Crawl Stone Soup version 0.30-a0-738-g116ff8c4af (webtiles) character file.

Game seed: 16154329477236779148

87205 demibob the Severer (level 15, -6/146 HPs)
             Began as a Hill Orc Fighter on Feb 3, 2023.
             Was an Initiate of Yredelemnul.
             Shot with an arrow by a satyr (10 damage)
             ... on level 5 of the Abyss.
             The game lasted 00:41:14 (21401 turns).

demibob the Severer (Hill Orc Fighter)             Turns: 21401, Time: 00:41:15

Health: -6/146     AC: 28    Str: 27      XL:     15   Next: 89%
Magic:  27/27      EV: 13    Int: 10      God:    Yredelemnul [......]
Gold:   1621       SH:  0    Dex: 11 (12) Spells: 14/14 levels left

rFire   + + .      SeeInvis .    a - +8 broad axe of Glamorous Defence {drain, rF+ Int+2 Dex+2}
rCold   . . .      Faith    +    (no shield)
rNeg    . . .      Spirit   .    k - +4 plate armour {rF+}
rPois   .          Reflect  .    l - +0 helmet
rElec   .          Harm     .    (no cloak)
rCorr   .          Rampage  .    j - +1 pair of gloves
Will    +....                    H - +1 pair of boots Stlth
                                 A - amulet of faith {!P}
HPRegen 0.44/turn                Y - +4 ring of slaying
MPRegen 0.20/turn                E - +5 ring of evasion

@: slowed, studying Hexes, very slow
A: [deterioration 1]
a: Renounce Religion, Recall Undead Harvest


You were on level 5 of the Abyss.
You worshipped Yredelemnul.
Yredelemnul was most pleased with you.
You visited 4 branches of the dungeon, and saw 22 of its levels.
You visited the Abyss 1 time.
You also visited: Ossuary.

You collected 2600 gold pieces.
You spent 979 gold pieces at shops.


Innate Abilities, Weirdness & Mutations

[Your body sometimes deteriorates upon taking damage.]


   Skills:
 + Level 16.9 Fighting
 - Level 18.4 Axes
 + Level 15.6 Armour
 - Level 3.2 Shields
 + Level 17.9 Invocations


You had 14 spell levels left.
You didn't know any spells.
Your spell library contained the following spells:

 Spells                   Type           Power      Damage    Failure   Level
 Freeze                   Ice            0%         1d3       93%         1
 Sting                    Tmut/Pois      0%         1d3       93%         1
 Ensorcelled Hibernation  Hex/Ice        0%         N/A       98%         2
 Poisonous Vapours        Pois/Air       0%         N/A       98%         2
 Sublimation of Blood     Necr           0%         N/A       98%         2
 Wereblood                Tmut           0%         N/A       98%         2
 Call Canine Familiar     Summ           0%         N/A       100%        3
 Frozen Ramparts          Ice            0%         1d1       100%        3
 Hailstorm                Conj/Ice       0%         3d3       100%        3
 Ignite Poison            Fire/Tmut/Pois 0%         N/A       100%        3
 Inner Flame              Hex/Fire       0%         N/A       100%        3
 Kindle Blastsparks       Fire/Tloc/Air  0%         2d10      100%        3
 Portal Projectile        Hex/Tloc       0%         N/A       100%        3
 Spider Form              Tmut/Pois      0%         N/A       100%        3
 Airstrike                Air            0%         2d(0-16)  100%        4
 Anguish                  Hex/Necr       0%         N/A       100%        4
 Flame Wave               Conj/Fire      0%         2d4       100%        4
 Leda's Liquefaction      Hex/Erth       0%         N/A       100%        4
 Olgreb's Toxic Radiance  Pois           0%         N/A       100%        4
 Sticky Flame             Conj/Fire      0%         2d3       100%        4
 Summon Lightning Spire   Summ/Air       0%         N/A       100%        4
 Borgnjor's Vile Clutch   Necr/Erth      0%         N/A       100%        5
 Freezing Cloud           Conj/Ice/Air   0%         6-21      100%        5
 Lightning Bolt           Conj/Air       0%         1d11      100%        5
 Conjure Ball Lightning   Conj/Air       0%         3x3d6     100%        6
 Summon Hydra             Summ           0%         N/A       100%        7
 Discord                  Hex            0%         N/A       100%        8
 Disjunction              Tloc           0%         N/A       100%        8
 Animate Dead             Necr           Unusable   N/A       N/A         4
 Death Channel            Necr           Unusable   N/A       N/A         6

Inventory:

Hand Weapons
 a - the +8 broad axe of Glamorous Defence (weapon) {drain, rF+ Int+2 Dex+2}
   (You acquired it on level 7 of the Dungeon)

   Int:       It affects your intelligence (+2).
   Dex:       It affects your dexterity (+2).
   rF:        It protects you from fire.
 x - a +1 war axe of venom
Missiles
 c - 2 throwing nets {=f}
 g - 8 curare-tipped darts {=f}
 X - 3 atropa-tipped darts (quivered)
Armour
 j - a +1 pair of gloves (worn)
 k - a +4 plate armour of fire resistance (worn)
 l - a +0 helmet (worn)
 H - a +1 pair of boots (worn)
 Z - a +0 cloak
Jewellery
 e - a +5 ring of evasion
 A - an amulet of faith (around neck) {!P}
 E - a +5 ring of evasion (right hand)
 F - a ring of protection from fire
 L - a ring of flight
 P - a ring of poison resistance
 T - a +4 ring of protection
 W - the brooch of Shielding {Spirit SH+8}
   (You found it on level 13 of the Dungeon)

   [amulet of guardian spirit]

   It causes incoming damage to be divided between your reserves of health and
   magic.
   SH:        It affects your SH (+8).
 Y - a +4 ring of slaying (left hand)
Wands
 b - a wand of light (7)
 d - a wand of flame (8)
 r - a wand of roots (16)
 D - a wand of digging (10)
 M - a wand of paralysis (9)
 R - a wand of polymorph (2)
 U - a wand of mindburst (3)
Scrolls
 f - a scroll of brand weapon
 o - 4 scrolls of blinking
 s - 2 scrolls of magic mapping
 u - 4 scrolls of poison
 B - 6 scrolls of fear
 I - 3 scrolls of enchant armour
 K - 3 scrolls of teleportation {@r2}
 N - 8 scrolls of identify {@r1}
 O - a scroll of fog
 S - 2 scrolls of enchant weapon
Potions
 h - 2 potions of flight
 i - 4 potions of curing {@q1}
 t - 4 potions of mutation
 v - 4 potions of resistance
 w - 2 potions of cancellation
 z - a potion of invisibility
 Q - a potion of might
 V - 2 potions of haste {@q3}
Miscellaneous
 y - a lightning rod (4/4)
 J - a phial of floods

Dungeon Overview and Level Annotations

Branches:
Dungeon (14/15)            Temple (1/1) D:5            Lair (5/5) D:8
  Swamp (0/4) Lair:3        Snake (0/4) Lair:2        Slime (0/5) Lair:5
    Orc (2/2) D:9             Elf (0/3) Orc:2        Vaults (0/5) D:14
Ossuary (visited)

Altars:
Ashenzari
Cheibriados
Dithmenos
Elyvilon
Fedhas
Gozag
Hepliaklqana
Kikubaaqudgha
Makhleb
Nemelex Xobeh
Okawaru
Qazlal
Ru
Sif Muna
Trog
Uskayaw
Vehumet
Wu Jian
Xom
Yredelemnul
Zin
The Shining One
Beogh
Jiyva

Shops:
D:7 [**   D:9 [   D:11 *   Orc:1 *   Orc:2 [[(=

Portals:
Abyss: D:7
Trove: D:14 (give 16 potions of curing)

Annotations:
D:7 2 transporters, pigah's ghost, novice OpWn
Lair:5 exclusion: oklob plant

.. .. ▒.. . ▒...
. ░░#.#▒▒...▒
▒.... ▓░.. .....
▒...▒.░... ...
▒....▒...▓#c▒▒.▒
▒...▒. ▒..@...▒
▒...▒▒.▒▒▒▒▒▓
▒▒....▒▒
▒..#...▒.▒
▒..... .▒#
▒▒...▒▒▒ ▒..▒
... .


You could see a satyr (drained).


Message History

You are suddenly pulled into a different region of the Abyss!
The abyss shimmers again as the detected abyssal rune vanishes from your memory and reappears.
Unknown command.
A satyr comes into view. It is wielding a +0 quarterstaff.
The satyr shouts!
The satyr unwields a +0 quarterstaff.
The satyr wields a +0 longbow.
The satyr shoots an arrow.
The arrow hits you!
The satyr shoots an arrow.
The arrow hits you!!
* * * LOW HITPOINT WARNING * * *
The satyr shoots an arrow.
The arrow hits you!
* * * LOW HITPOINT WARNING * * *
The satyr plays a lulling melody on his pipes!
You struggle to resist.
The satyr shoots an arrow.
The arrow hits you but does no damage.
The satyr shoots an arrow.
The arrow hits you!
* * * LOW HITPOINT WARNING * * *
You slice the satyr!!
The satyr is moderately wounded.
The satyr shoots an arrow.
The arrow hits you!!
* * * LOW HITPOINT WARNING * * *
You slice the satyr!! You drain the satyr!
The satyr is severely wounded.
The satyr shoots an arrow.
The arrow barely misses you.
You feel better.
The satyr shoots an arrow.
The arrow hits you!!
* * * LOW HITPOINT WARNING * * *
You hit the satyr. You drain the satyr.
The satyr is severely wounded.
The satyr shoots an arrow.
The arrow hits you!
You die...
Your body rises from the dead as a mindless zombie.

Skill      XL: |  1  2  3  4  5  6  7  8  9 10 11 12 13 14 15 |
---------------+----------------------------------------------+-----
Axes           | 3 4 5 6 8 9 11 14 17 18 | 18.4
Fighting       | 6 9 11 13 15 16 | 16.9
Armour         | 6 8 10 12 14 15 | 15.6
Invocations    | 5 9 12 14 16 17 | 17.9
Shields        | |  3.2

Action                     |  1- 3 |  4- 6 |  7- 9 | 10-12 | 13-15 || total
---------------------------+-------+-------+-------+-------+-------++-------
  Melee: War axe           |    76 |    79 |   302 |    68 |       ||   525
         Punch             |     1 |     2 |     3 |     5 |    13 ||    24
         Broad axe         |       |       |       |   222 |   843 ||  1065
 Invoke: Drain Life        |       |       |       |     1 |     1 ||     2
         Bind Soul         |       |       |       |       |     5 ||     5
         Recall Undead Har |       |       |       |       |     3 ||     3
  Evoke: Wand              |       |       |       |     7 |     2 ||     9
         Phial of floods   |       |       |       |       |     1 ||     1
    Use: Scroll            |     5 |     2 |     8 |    11 |    11 ||    37
         Potion            |       |     1 |       |     4 |    12 ||    17
   Stab: Sleeping          |       |     1 |       |     1 |     4 ||     6
         Distracted        |       |       |     1 |       |     7 ||     8
         Petrified         |       |       |       |       |     9 ||     9
         Petrifying        |       |       |       |       |     4 ||     4
         Paralysed         |       |       |       |       |     4 ||     4
 Armour: Scale mail        |    51 |     5 |       |       |       ||    56
         Leather armour    |       |    54 |   130 |    88 |   160 ||   432
         Plate armour      |       |       |       |       |   170 ||   170
  Dodge: Dodged            |    41 |    47 |   141 |   115 |   436 ||   780

Levels and vault maps discovered:
D:1:      dpeg_arrival_shelter, layout_loops_ring, chequers_garden,
          minmay_octomino_j4
D:2:      layout_basic, dilly_ecumenical_altar_fadedgnrine
D:3:      layout_loops_cross, grunt_gozag_breadcrumbs, old_standard_altar,
          mainiacjoe_overflow_alcove_2,
          chequers_temple_overflow_statue_of_worship, uniq_terence, uniq_robin,
          uniq_sigmund
D:4:      kennysheep_slugbush, layout_loops_ring, due_unseen_surprise
D:5:      minmay_general_purpose_star, layout_cave_pools,
          minmay_temple_entry_enclosed_plants
D:6:      cheibrodos_thug_alley, layout_loops_ring, zin_angel,
          nicolae_ossuary_entry_false_entrances, cheibrodos_sewer_entry_bend,
          roderic_nine_men_s_morris, kennysheep_generic_room_2
D:7:      layout_loops_ring, nzn_wu_jian_council_hall,
          gammafunk_ghost_abyssal_escape, serial_shops, nicolae_take_the_stairs,
          shop, nicolae_shop_overgrown_old_shop
D:8:      minmay_evil_eye, layout_rooms, dpeg_lair_monsters
D:9:      layout_long_grid, amcnicky_altar_gilded, zombieorc1_lemuel,
          serial_shops, shop_fountains
D:10:     layout_loops_ring, uniq_urug, uniq_sonja, uniq_nergalle
D:11:     layout_roguey, serial_shops, shop, uniq_fannar, uniq_psyche
D:12:     layout_small_grid, minmay_checkered_concentric_circles, uniq_kirke,
          uniq_lodul
D:13:     layout_roguey, minmay_beelzebubs_servants, uniq_maurice
D:14:     layout_loops_corners, david_vaults_1, nicolae_trove_entry_path_of_doom
Temple:   eino_narrow_crystal_temple
Lair:1:   layout_roguey
Lair:2:   layout_roguey, guppyfry_snake_entry_garden, uniq_harold
Lair:3:   layout_small_grid, minmay_swamp_entry_worms, uniq_snorg
Lair:4:   layout_layer_cave, serial_forest, infiniplex_forest_end_1,
          infiniplex_forest_clump_tiny, infiniplex_forest_clump_C,
          infiniplex_forest_corner_1, infiniplex_forest_lined_3_way,
          infiniplex_forest_join, infiniplex_forest_lined_room_,
          serial_bayou_shore_a, serial_bayou_shore_b
Lair:5:   grunt_lair_end_beastmaster, layout_cave_pods,
          minmay_slime_entry_oklob_enclosed, st_stairs_8,
          infiniplex_staircase_pool
Orc:1:    layout_caves, serial_shops, shop
Orc:2:    st_orc_town, layout_caves, uniq_rupert
Abyss:5:  base: D:9, evilmike_abyss_exit_12,
          grunt_abyss_rune_forest_and_sorcery, hangedman_cross_veins,
          due_evilmike_abyss_rune_seething_liches, minivault_25,
          evilmike_nicolae_abyss_rune_containment_curve,
          evilmike_abyss_exit_vortex, gammafunk_abyss_rune_reverse_zot

Notes
Turn   | Place    | Note
-------+----------+-------------------------------------------
     0 | D:1      | demibob the Hill Orc Fighter began the quest for the Orb.
     0 | D:1      | Reached XP level 1. HP: 19/19 MP: 1/1
   106 | D:1      | Reached skill level 3 in Axes
   112 | D:1      | Reached XP level 2. HP: 26/26 MP: 2/2
   222 | D:1      | Reached skill level 4 in Axes
   658 | D:1      | Reached XP level 3. HP: 22/31 MP: 3/3
   702 | D:2      | Reached skill level 5 in Axes
   792 | D:2      | Reached XP level 4. HP: 39/39 MP: 4/4
   918 | D:2      | Reached skill level 6 in Axes
   953 | D:2      | Found a faded altar of an unknown god.
  1040 | D:2      | Identified the +6 leather armour of Bomnomimn {rCorr Str+2
                  | Dex+4}
  1319 | D:3      | Found a hazy altar of Hepliaklqana.
  1319 | D:3      | Found an iron altar of Okawaru.
  1323 | D:3      | Reached XP level 5. HP: 45/45 MP: 5/5
  1334 | D:3      | Reached skill level 7 in Axes
  1395 | D:3      | Noticed Robin
  1403 | D:3      | Killed Robin
  1468 | D:3      | Noticed Terence
  1469 | D:3      | Found a stormy altar of Qazlal.
  1474 | D:3      | Killed Terence
  1475 | D:3      | Reached skill level 8 in Axes
  1475 | D:3      | Reached XP level 6. HP: 49/51 MP: 6/6
  1515 | D:3      | Found an opulent altar of Gozag.
  1595 | D:3      | Found a burning altar of Makhleb.
  1687 | D:3      | Identified a +2 robe of the Archmagi
  1687 | D:3      | Noticed Sigmund
  1692 | D:3      | Killed Sigmund
  1693 | D:3      | Reached skill level 9 in Axes
  2077 | D:4      | Reached XP level 7. HP: 45/57 MP: 7/7
  2419 | D:4      | Reached skill level 10 in Axes
  2855 | D:5      | Entered Level 5 of the Dungeon
  2962 | D:5      | Found a staircase to the Ecumenical Temple.
  2982 | Temple   | Entered the Ecumenical Temple
  3074 | Temple   | Became a worshipper of Yredelemnul the Dark
  3111 | D:5      | Reached * piety under Yredelemnul
  3115 | D:5      | Reached skill level 11 in Axes
  3132 | D:5      | Reached ** piety under Yredelemnul
  3272 | D:5      | Reached XP level 8. HP: 50/64 MP: 8/8
  3337 | D:5      | Reached skill level 12 in Axes
  3523 | D:5      | Reached *** piety under Yredelemnul
  3864 | D:6      | Found a glowing silver altar of Zin.
  3864 | D:6      | Noticed an angel
  3890 | D:6      | Reached skill level 13 in Axes
  4095 | D:6      | Found a sand-covered staircase.
  4116 | Ossuary  | Entered an ossuary
  4134 | Ossuary  | Reached skill level 14 in Axes
  4194 | Ossuary  | Reached XP level 9. HP: 42/70 MP: 9/9
  4251 | Ossuary  | Reached skill level 15 in Axes
  5221 | D:6      | Reached skill level 16 in Axes
  5303 | D:7      | Found Bukug's Assorted Antiques.
  5312 | D:7      | Reached skill level 17 in Axes
  5317 | D:7      | Reached XP level 10. HP: 49/77 MP: 10/10
  5428 | D:7      | Bought a dented copper amulet for 125 gold pieces
  5462 | D:7      | Found a one-way gate to the infinite horrors of the Abyss.
  5462 | D:7      | Noticed pigah's ghost (novice OpWn)
  5466 | D:7      | Identified the +5 dagger of Focus {heavy, Str+3}
  5550 | D:7      | Found Isiaz's General Store.
  5557 | D:7      | Bought a scroll of identify for 22 gold pieces
  5557 | D:7      | Bought a scroll of identify for 22 gold pieces
  5559 | D:7      | Identified 3 potions of resistance
  5589 | D:7      | Found Juloeh's Antique Armour Shop.
  5605 | D:7      | Reached skill level 18 in Axes
  5706 | D:7      | Reached **** piety under Yredelemnul
  5940 | D:7      | Found a transporter.
  5966 | D:7      | Reached ***** piety under Yredelemnul
  5980 | D:7      | Found an ornate altar of the Wu Jian Council.
  5999 | D:7      | Found a transporter.
  6355 | D:7      | Identified a scroll of acquirement
  6355 | D:7      | Acquired the +8 broad axe of Glamorous Defence {drain, rF+
                  | Int+2 Dex+2}
  6420 | D:8      | Noticed a death yak
  6422 | D:8      | Found a staircase to the Lair.
  6422 | D:8      | Noticed a death yak
  6423 | D:8      | Noticed a death yak
  6423 | D:8      | Noticed a death yak
  6425 | D:8      | Noticed a death yak
  6427 | D:8      | Killed a death yak
  6428 | D:8      | Reached skill level 4 in Fighting
  6428 | D:8      | Reached skill level 4 in Armour
  6428 | D:8      | Reached skill level 2 in Invocations
  6448 | D:8      | Killed a death yak
  6449 | D:8      | Reached skill level 5 in Fighting
  6449 | D:8      | Reached skill level 3 in Invocations
  6461 | D:8      | Killed a death yak
  6462 | D:8      | Reached skill level 5 in Armour
  6462 | D:8      | Reached skill level 4 in Invocations
  6463 | D:8      | Reached skill level 6 in Fighting
  6466 | D:8      | Killed a death yak
  6467 | D:8      | Reached skill level 6 in Armour
  6467 | D:8      | Reached skill level 5 in Invocations
  6467 | D:8      | Reached XP level 11. HP: 43/91 MP: 12/15
  6467 | D:8      | Killed a death yak
  6468 | D:8      | Reached skill level 7 in Fighting
  6468 | D:8      | Reached skill level 6 in Invocations
  6473 | D:8      | Reached ****** piety under Yredelemnul
  6714 | D:8      | Identified the ring of Evisi {rCorr MP+9 Str-2 Dex+3}
  6835 | D:8      | Reached skill level 7 in Invocations
  6846 | D:8      | Reached skill level 7 in Armour
  7073 | Lair:1   | Entered Level 1 of the Lair of Beasts
  7124 | Lair:1   | Reached skill level 8 in Fighting
  7305 | Lair:1   | Reached skill level 8 in Invocations
  7555 | Lair:1   | You fall into a shaft and drop 1 floor!
  7565 | Lair:2   | Reached skill level 8 in Armour
  7567 | Lair:2   | Reached skill level 9 in Fighting
  7573 | Lair:2   | Reached skill level 9 in Invocations
  7577 | Lair:2   | Reached XP level 12. HP: 51/104 MP: 18/18
  7785 | Lair:2   | Found a staircase to the Snake Pit.
  7998 | Lair:2   | Reached skill level 9 in Armour
  8149 | Lair:2   | Reached skill level 10 in Fighting
  8149 | Lair:2   | Reached skill level 10 in Invocations
  8162 | Lair:2   | Noticed Harold
  8171 | Lair:2   | Killed Harold
  8424 | Lair:3   | Identified the +1 leather armour of Fortitude {Slay+3}
  8518 | Lair:3   | Noticed a five-headed hydra
  9097 | Lair:4   | Reached skill level 11 in Invocations
  9142 | Lair:4   | Noticed a death yak
  9143 | Lair:4   | Noticed a death yak
  9143 | Lair:4   | Noticed a death yak
  9145 | Lair:4   | Noticed a death yak
  9146 | Lair:4   | Noticed a death yak
  9153 | Lair:4   | Killed a death yak
  9154 | Lair:4   | Reached skill level 10 in Armour
  9156 | Lair:4   | Killed a death yak
  9157 | Lair:4   | Reached skill level 11 in Fighting
  9160 | Lair:4   | Killed a death yak
  9160 | Lair:4   | Killed a death yak
  9161 | Lair:4   | Killed a death yak
  9198 | Lair:4   | Noticed a catoblepas
  9207 | Lair:4   | Killed a catoblepas
  9231 | Lair:4   | Noticed a six-headed hydra
  9238 | Lair:4   | Killed a six-headed hydra
  9239 | Lair:4   | Reached skill level 12 in Invocations
  9239 | Lair:4   | Reached XP level 13. HP: 104/117 MP: 20/22
  9653 | Lair:4   | Reached skill level 12 in Fighting
  9653 | Lair:4   | Reached skill level 11 in Armour
 10191 | Lair:5   | Entered Level 5 of the Lair of Beasts
 10501 | Lair:5   | Reached skill level 13 in Invocations
 10726 | Lair:5   | Reached skill level 13 in Fighting
 10726 | Lair:5   | Reached skill level 12 in Armour
 10857 | Lair:5   | Reached skill level 14 in Invocations
 10956 | Lair:5   | Reached XP level 14. HP: 121/129 MP: 24/24
 11031 | Lair:5   | Reached skill level 14 in Fighting
 11043 | Lair:5   | Identified the +6 chain mail "Eppilaho" {Will- rCorr Str+2
                  | Dex+8}
 11387 | Lair:5   | Reached skill level 13 in Armour
 11591 | Lair:5   | Found a viscous altar of Jiyva.
 11593 | Lair:5   | Found a staircase to the Slime Pits.
 11777 | Lair:3   | Identified the +1 robe "Paunok" {rPois Dex+3}
 11945 | Lair:3   | Noticed Snorg
 11961 | Lair:3   | Killed Snorg
 12116 | Lair:3   | Reached skill level 15 in Invocations
 12299 | Lair:3   | Found a staircase to the Swamp.
 13446 | D:9      | Found a staircase to the Orcish Mines.
 13737 | D:9      | Found a shadowy altar of Dithmenos.
 13782 | D:9      | Found Edwoizar's Armour Boutique.
 14449 | Orc:1    | Entered Level 1 of the Orcish Mines
 14715 | Orc:1    | Found Beidim's Assorted Antiques.
 14863 | Orc:1    | You fall into a shaft and drop 1 floor!
 14863 | Orc:2    | Entered Level 2 of the Orcish Mines
 14891 | Orc:2    | Found Wastae's Jewellery Emporium.
 14927 | Orc:2    | Found a roughly hewn altar of Beogh.
 14990 | Orc:2    | Found a staircase to the Elven Halls.
 15012 | Orc:2    | Identified a +2 robe of the Archmagi
 15455 | Orc:2    | Noticed Rupert
 15470 | Orc:2    | Killed Rupert
 15470 | Orc:2    | Enslaved Rupert
 15765 | Orc:2    | Found Cuosuihe's Weapon Boutique.
 15777 | Orc:2    | Reached skill level 15 in Fighting
 15915 | Orc:2    | Found Gajukul's Armour Emporium.
 15955 | Orc:2    | Found Fiwow's Antique Armour Boutique.
 16217 | Orc:2    | Bought a +4 plate armour of fire resistance for 650 gold
                  | pieces
 16283 | D:10     | Entered Level 10 of the Dungeon
 16290 | D:10     | Reached skill level 14 in Armour
 16529 | D:10     | Noticed Sonja
 16539 | D:10     | Killed Sonja
 16540 | D:10     | Reached skill level 16 in Invocations
 16592 | D:10     | Noticed Urug
 16598 | D:10     | Killed Urug
 16671 | D:10     | Noticed Nergalle
 16677 | D:10     | Killed Nergalle
 16677 | D:10     | Enslaved Nergalle
 16980 | D:10     | Identified the +6 war axe of the Tiger {heavy, rF++ Will-
                  | rCorr Int+4}
 17024 | D:11     | Noticed Psyche
 17032 | D:11     | Killed Psyche
 17183 | D:11     | Reached XP level 15. HP: 136/141 MP: 27/27
 17242 | D:11     | Found Orath's General Store.
 17251 | D:11     | Bought a potion of haste for 160 gold pieces
 17491 | D:11     | Noticed Fannar
 17512 | D:11     | Killed Fannar
 17798 | D:12     | Noticed a tengu reaver
 17816 | D:12     | Killed a tengu reaver
 18274 | D:12     | Noticed Kirke
 18287 | D:12     | Killed Kirke
 18383 | D:12     | Noticed Lodul
 18394 | D:12     | Killed Lodul
 18395 | D:12     | Reached skill level 16 in Fighting
 18932 | D:13     | Reached skill level 17 in Invocations
 19023 | D:13     | Found the brooch of Shielding {Spirit SH+8}
 19190 | D:13     | Noticed Maurice
 19198 | D:13     | Killed Maurice
 19202 | D:13     | Your ally Maurice died
 19209 | D:13     | Reached skill level 15 in Armour
 20155 | D:14     | Found a portal to a secret trove of treasure.
 20280 | D:14     | Your ally Nergalle died
 20797 | D:14     | Found a gate to the Vaults.
 20797 | D:14     | You are cast into the Abyss!
 20797 | Abyss:2  | Cast into level 2 of the Abyss (a wizard)
 21043 | Abyss:4  | Noticed a tentacled starspawn
 21087 | Abyss:5  | Found a corrupted altar of Lugonu.
 21098 | Abyss:5  | Found a corrupted altar of Lugonu.
 21098 | Abyss:5  | Found a corrupted altar of Lugonu.
 21099 | Abyss:5  | Found a corrupted altar of Lugonu.
 21099 | Abyss:5  | Found a corrupted altar of Lugonu.
 21100 | Abyss:5  | Noticed an acid blob
 21110 | Abyss:5  | Killed an acid blob
 21349 | Abyss:5  | Noticed a bone dragon
 21370 | Abyss:5  | Noticed a lich
 21382 | Abyss:5  | HP: 10/146 [disintegration (98)]
 21388 | Abyss:5  | Noticed an ancient lich
 21400 | Abyss:5  | HP: 4/146 [satyr/arrow (21)]
 21401 | Abyss:5  | Shot with an arrow by a satyr

Vanquished Creatures
  An acid blob (Abyss:5)
  Kirke (D:12)
  A tengu reaver (D:12)
  A deep elf annihilator (D:12)
  Snorg (Lair:3)
  Fannar (D:11)
  A rakshasa (Abyss:2)
  Harold (Lair:2)
  A hydra (Lair:3)
  2 two-headed ogres
  A catoblepas (Lair:5)
  4 boulder beetles
  17 death yaks
  5 orc high priests (Orc:2)
  Urug (D:10)
  A wretched star (Abyss:5)
  Sonja (D:10)
  3 skeletal warriors (D:13)
  Lodul (D:12)
  3 starcursed masses (Abyss:4)
  2 deep elf pyromancers
  An orc sorcerer (D:12)
  7 ugly things
  15 elephants
  6 cyclopes
  A manticore (D:14)
  Maurice (D:13)
  A black mamba (Lair:2)
  An orange demon (D:13)
  9 cane toads
  A rime drake (shapeshifter) (D:12)
  A rime drake (Lair:2)
  4 komodo dragons
  A freezing wraith (Abyss:4)
  A yaktaur (D:12)
  A tengu conjurer (D:14)
  An ancient zyme (Abyss:2)
  A guardian mummy (D:14)
  2 polar bears
  7 trolls
  2 large abominations
  2 tyrant leeches (Lair:3)
  2 hornets
  12 blink frogs
  Sigmund (D:3)
  A centaur simulacrum (D:12)
  A flying skull (Abyss:5)
  4 slime creatures
  2 vampires
  41 yaks
  3 wyverns
  A ynoxinul (Abyss:2)
  A wraith (D:13)
  2 vampire mosquitoes (D:9)
  2 hogs (D:12)
  A naga (Lair:2)
  3 steam dragons
  3 basilisks
  5 acid dragons
  8 water moccasins
  5 wargs
  A black bear (Lair:1)
  2 sky beasts
  10 orc warriors
  An ice beast (D:5)
  2 centaurs
  16 ogres
  9 wolves
  4 phantoms
  3 kobold brigands
  15 bullfrogs
  2 gnoll sergeants
  2 necrophages
  5 water moccasin zombies (Ossuary)
  A scorpion (D:6)
  5 wyvern zombies (Ossuary)
  3 wights (D:8)
  A troll zombie (D:9)
  3 killer bees (D:9)
  6 howler monkeys
  2 bullfrog zombies (Ossuary)
  3 centaur zombies (Ossuary)
  2 hounds (D:5)
  3 jellies
  A gnoll bouda (D:8)
  27 orc priests
  8 mummies (Ossuary)
  2 iguanas
  Terence (D:3)
  21 orc wizards
  2 killer bee zombies (Ossuary)
  5 ogre zombies (D:9)
  Robin (D:3)
  3 howler monkey zombies (Ossuary)
  8 adders
  12 gnolls
  A shadow imp (D:4)
  A white imp (D:6)
  3 worms
  14 dart slugs
  57 orcs
  4 ball pythons
  7 endoplasms
  3 giant cockroaches
  24 goblins
  9 hobgoblins
  2 quokkas
  3 bats
  2 frilled lizards
  3 goblin skeletons (D:9)
  2 hobgoblin zombies (D:9)
  24 kobolds
  2 orc skeletons (D:9)
  12 orc zombies (D:9)
  5 rats
584 creatures vanquished.

Vanquished Creatures (collateral kills)
  3 hydras
  2 catoblepae
  A boulder beetle (D:12)
  A two-headed ogre (D:12)
  4 death yaks
  A deep elf pyromancer (D:14)
  An orc sorcerer (Orc:2)
  2 elephants
  2 black mambas (Lair:4)
  3 orange demons (D:13)
  Psyche (D:11)
  A large abomination (Abyss:2)
  2 red devils (D:13)
  2 tyrant leeches (Lair:3)
  2 trolls (D:11)
  3 blink frogs
  14 yaks
  2 basilisks (Lair:5)
  A warg (Orc:2)
  2 nagas (Lair:2)
  An acid dragon (D:10)
  A water moccasin (Lair:4)
  An ogre (D:12)
  2 orc warriors (Orc:2)
  2 wolves (Lair:5)
  A kobold brigand (D:9)
  A bullfrog (Lair:1)
  4 killer bees (D:9)
  An electric eel (Lair:4)
  A jelly (D:6)
  3 orc priests (Orc:2)
  An orc wizard (D:10)
  A gnoll (D:9)
  17 orcs
  3 kobolds
  A bush (Lair:4)
91 creatures vanquished.

Vanquished Creatures (others)
  A wizard (D:12)
  A spectral orc (D:14)
  3 elf zombies
  2 death yak zombies
  A black mamba zombie (Lair:2)
  A cane toad zombie (Lair:5)
  A manticore zombie (D:14)
  An elephant zombie (Lair:5)
  5 blink frog zombies
  4 cyclops zombies
  A wyvern zombie (Lair:3)
  3 water moccasin zombies
  A warg zombie (Orc:2)
  A troll zombie (D:14)
  A tengu zombie (D:14)
  8 yak zombies
  2 wolf zombies
  A centaur zombie (D:8)
  3 bullfrog zombies
  2 acid dragon zombies
  A human zombie (D:13)
  2 ogre zombies
  A ball python (D:4)
  A gnoll zombie (D:9)
  A hobgoblin zombie (D:6)
  A kobold zombie (D:9)
  21 orc zombies
  A bush (Lair:4)
  53 fungi
  133 plants
  4 starspawn tentacles (Abyss:4)
  8 withered plants (Ossuary)
270 creatures vanquished.

Grand Total: 945 creatures vanquished

Table legend: (Time is in decaauts)
 A = Elapsed time spent in this place.
 B = Non-inter-level travel time spent in this place.
 C = Inter-level travel time spent in this place.
 D = Time resting spent in this place.
 E = Time spent auto-exploring this place.
 F = Levels seen in this place.
 G = Mean time per level.
                   A        B        C        D        E       F      G
               +--------+--------+--------+--------+--------+-----+--------+
         Total |  21108 |  20376 |    732 |   1123 |  15692 |  27 |  781.8 |
       Dungeon |  11828 |  11437 |    391 |    483 |   8971 |  14 |  844.9 |
        Temple |    107 |     92 |     15 |      0 |     78 |   1 |  107.0 |
          Lair |   6202 |   5968 |    234 |      0 |   5171 |   5 | 1240.4 |
  Orcish Mines |   1756 |   1665 |     91 |    210 |   1161 |   2 |  878.0 |
         Abyss |    593 |    593 |      0 |    234 |     45 |   4 |  148.2 |
       Ossuary |    619 |    619 |      0 |    196 |    265 |   1 |  619.0 |
               +--------+--------+--------+--------+--------+-----+--------+

Top non-repeatable levels by time:
  Lair:4: 1678 daAuts
  Lair:3: 1604 daAuts
  Lair:5: 1342 daAuts
    D:14: 1244 daAuts
   Orc:2: 1227 daAuts
    D:12: 1192 daAuts
     D:9: 1069 daAuts
     D:7: 1061 daAuts
     D:6: 999 daAuts
  Lair:2: 867 daAuts
     D:3: 814 daAuts
     D:4: 809 daAuts
    D:10: 726 daAuts
  Lair:1: 709 daAuts
     D:5: 699 daAuts

Table legend:
 A = Non-vault XP
 B = Vault XP
 C = Vault XP percentage of total XP
 D = Non-vault monster count
 E = Vault monster count
 F = Vault count percentage of total count
                 A         B        C        D         E       F
            +---------+---------+-------+---------+---------+-------
      Total |   84153 |   40426 |  32.5 |     445 |     229 |  34.0
            +---------+---------+-------+---------+---------+-------
        D:1 |      28 |       7 |  20.0 |      15 |       4 |  21.1
        D:2 |      90 |       0 |   0.0 |      25 |       0 |   0.0
        D:3 |     128 |     312 |  70.9 |      13 |      15 |  53.6
        D:4 |     172 |      36 |  17.3 |      21 |       9 |  30.0
        D:5 |     600 |       3 |   0.5 |      16 |       1 |   5.9
        D:6 |     310 |     535 |  63.3 |       6 |      17 |  73.9
        D:7 |    2213 |       0 |   0.0 |      33 |       0 |   0.0
        D:8 |    1345 |    5487 |  80.3 |      20 |      14 |  41.2
        D:9 |    2713 |     568 |  17.3 |      29 |      29 |  50.0
       D:10 |    2810 |    1574 |  35.9 |      16 |       2 |  11.1
       D:11 |    2473 |    1277 |  34.1 |      10 |       2 |  16.7
       D:12 |    3215 |    8915 |  73.5 |       8 |      21 |  72.4
       D:13 |    5021 |    2831 |  36.1 |      11 |       7 |  38.9
       D:14 |    9131 |     621 |   6.4 |      18 |       2 |  10.0
     Temple |       3 |       0 |   0.0 |       1 |       0 |   0.0
     Lair:1 |    4333 |       0 |   0.0 |      19 |       0 |   0.0
     Lair:2 |    6493 |    1377 |  17.5 |      24 |       4 |  14.3
     Lair:3 |    1297 |    2088 |  61.7 |       4 |       5 |  55.6
     Lair:4 |   11631 |       0 |   0.0 |      32 |       0 |   0.0
     Lair:5 |   20148 |    7599 |  27.4 |      56 |      15 |  21.1
      Orc:1 |    1553 |       0 |   0.0 |      28 |       0 |   0.0
      Orc:2 |    2138 |    5856 |  73.3 |      27 |      54 |  66.7
    Abyss:2 |    1788 |       0 |   0.0 |       4 |       0 |   0.0
    Abyss:4 |    1704 |       0 |   0.0 |       5 |       0 |   0.0
    Abyss:5 |    2816 |       0 |   0.0 |       4 |       0 |   0.0
    Ossuary |       0 |    1340 | 100.0 |       0 |      28 | 100.0
            +---------+---------+-------+---------+---------+-------
